 Dungeon Crawl Stone Soup version 0.21-a0-203-gb066a6e (webtiles) character file.

844 Lavandula the Chiller (level 8, -1/57 HPs)
             Began as a Ghoul Ice Elementalist on Aug 19, 2017.
             Was a Follower of Kikubaaqudgha.
             Slain by a hound (3 damage)
             ... on level 8 of the Dungeon.
             The game lasted 00:21:00 (2206 turns).

Lavandula the Chiller (Ghoul Ice Elementalist)      Turns: 2206, Time: 00:21:01

Health: -1/57      AC:  7    Str: 12      XL:     8   Next: 0%
Magic:  4/11       EV: 17    Int: 11 (12) God:    Kikubaaqudgha [*.....]
Gold:   270        SH:  0    Dex:  7 (9)  Spells: 2/13 levels left

rFire    + . .     SeeInvis .   d - +3 falchion of Kasul {slice, rF+}
rCold    + . .     Gourm    .   (no shield)
rNeg     + + +     Faith    .   a - +0 robe
rPois    ∞         Spirit   .   (no helmet)
rElec    .         Reflect  .   r - scarf of the Lute {rPois}
rCorr    .         Harm     .   (no gloves)
MR       .....                  (no boots)
Stlth    +.........             (no amulet)
HPRegen  0.00/turn              e - +5 ring of evasion
MPRegen  0.12/turn              (no ring)

@: icy armour, silence, flying, very slightly contaminated, rotting, slow
A: rotting body, claws 1, carnivore 3, cold resistance 1, negative energy
resistance 3, inhibited regeneration, torment resistance, unbreathing
a: Renounce Religion


You were on level 8 of the Dungeon.
You worshipped Kikubaaqudgha.
Kikubaaqudgha was aware of your devotion.
You were not hungry.

You visited 1 branch of the dungeon, and saw 8 of its levels.

You collected 270 gold pieces.

Inventory:

Hand Weapons
 d - the +3 falchion of Kasul (weapon) {slice, rF+}
   (You found it on level 4 of the Dungeon)

   It inflicts extra damage upon your enemies.
   It protects you from fire.
 h - a +3 flail of protection
 u - a +1 flail of holy wrath
Armour
 a - a +0 robe (worn)
 n - a +0 buckler
 r - the scarf of the Lute (worn) {rPois}
   (You acquired it on level 7 of the Dungeon)

   It protects you from poison.
Jewellery
 e - a +5 ring of evasion (left claw)
Scrolls
 i - a scroll of fear {unknown}
 l - a scroll of blinking
 m - a scroll of immolation
 o - a scroll of magic mapping {unknown}
 p - a scroll of remove curse {unknown}
Books
 b - a book of Frost

   Spells                             Type                      Level
   a - Freeze                         Ice                          1
   b - Throw Frost                    Conjuration/Ice              2
   c - Ozocubu's Armour               Charms/Ice                   3
   d - Throw Icicle                   Conjuration/Ice              4
   e - Summon Ice Beast               Ice/Summoning                4
 t - Kikubaaqudgha's Almanac of Black Secrets
   (Kikubaaqudgha gifted it to you on level 7 of the Dungeon)

   Spells                             Type                      Level
   a - Animate Skeleton               Necromancy                   1
   b - Pain                           Necromancy                   1
   c - Corpse Rot                     Necromancy                   2
   d - Vampiric Draining              Necromancy                   3
   e - Control Undead                 Necromancy                   4
Comestibles
 c - 2 meat rations


   Skills:
 - Level 0.2 Fighting
 - Level 1.8 Dodging
 - Level 2.1 Stealth
 - Level 2.4 Unarmed Combat
 + Level 3.2 Spellcasting
 - Level 0.7 Conjurations
 - Level 2.1 Charms
 - Level 4.0 Summonings
 - Level 2.0 Necromancy
 - Level 6.1 Ice Magic


You had 2 spell levels left.
You knew the following spells:

 Your Spells              Type           Power        Failure   Level  Hunger
a - Freeze                Ice            ###.         1%          1    #......
b - Ozocubu's Armour      Chrm/Ice       ##......     14%         3    ###....
c - Summon Ice Beast      Ice/Summ       ##......     32%         4    #####..
d - Throw Frost           Conj/Ice       #.....       10%         2    ###....
e - Animate Skeleton      Necr           N/A          11%         1    #......


Dungeon Overview and Level Annotations

Branches:
Dungeon (8/15)             Temple (0/1) D:7
   Lair: D:8-11

Altars:
Kikubaaqudgha
Qazlal

Annotations:
D:5 Menkaure


Innate Abilities, Weirdness & Mutations

Your body is rotting away.
You thrive on raw meat.
You are immune to poison.
You have sharp fingernails.
You are carnivorous and can eat meat at any time.
Your flesh is cold resistant. (rC+)
You are immune to negative energy. (rN+++)
You do not regenerate when monsters are visible.
You are immune to unholy pain and torment.
You can survive without breathing.


Message History

The hound closely misses you. The hound bites you.
* * * LOW HITPOINT WARNING * * *
The hound misses you.
There is a stone staircase leading down here.
The hound bites you.
* * * LOW HITPOINT WARNING * * *
You fly downwards.
There is a stone staircase leading up here.
Unknown command.
You aren't carrying any potions.
Unknown command.
The hound bites you but does no damage.
Found a scroll of blinking.
The hound closely misses you.
You riposte.
You barely miss the hound. The hound misses you.
The hound bites you but does no damage. The hound bites you.
You die...
Kikubaaqudgha rasps: "You have failed me!
Welcome... oblivion!"

############ #####
#.....h@...#
#.....#.########.#
#..<.# #.....#
#....## .....##
####..# #..# #..#


You could see a hound (inner flame).

Vanquished Creatures
  A hippogriff (D:7)
  Edmund (D:5)
  A bullfrog (D:7)
  A vampire bat (D:3)
  2 crimson imps
  A hound (D:6)
  A jelly (D:5)
  A bullfrog skeleton (D:5)
  2 worker ants
  An iguana (D:5)
  2 orc wizards (D:7)
  2 hound zombies (D:7)
  A hound skeleton (D:4)
  3 adders
  A shadow imp (D:6)
  An adder zombie (D:4)
  2 dart slugs (D:1)
  3 leopard geckos
  4 orcs
  4 bat zombies (D:3)
  A giant cockroach (D:3)
  3 goblins (D:1)
  A hobgoblin (D:1)
  6 kobolds
  A quokka (D:2)
  A frilled lizard (D:1)
  3 rats
51 creatures vanquished.

Vanquished Creatures (collateral kills)
  A bullfrog (D:7)
  2 howler monkeys (D:7)
3 creatures vanquished.

Grand Total: 54 creatures vanquished

Notes
Turn   | Place    | Note
-------+----------+-------------------------------------------
     0 | D:1      | Lavandula the Ghoul Ice Elementalist began the quest for the Orb.
     0 | D:1      | Reached XP level 1. HP: 14/14 MP: 2/2
   126 | D:1      | Reached XP level 2. HP: 19/20 MP: 0/4
   380 | D:2      | Reached skill level 4 in Ice Magic
   380 | D:2      | Reached XP level 3. HP: 19/26 MP: 0/5
   385 | D:2      | Learned a level 3 spell: Ozocubu's Armour
   635 | D:3      | Found an ancient bone altar of Kikubaaqudgha.
   655 | D:3      | Reached XP level 4. HP: 31/33 MP: 0/6
   666 | D:3      | Became a worshipper of Kikubaaqudgha
   800 | D:5      | Entered Level 5 of the Dungeon
   820 | D:5      | Noticed Menkaure
   866 | D:4      | Reached XP level 5. HP: 30/37 MP: 1/7
   962 | D:4      | Learned a level 4 spell: Summon Ice Beast
   992 | D:5      | Learned a level 2 spell: Throw Frost
  1050 | D:5      | Reached skill level 1 in Charms
  1107 | D:5      | Noticed Edmund
  1194 | D:4      | Reached XP level 6. HP: 6/44 MP: 0/9
  1248 | D:4      | Got a blackened falchion
  1257 | D:4      | Identified the +3 falchion of Kasul {slice, rF+} (You found it on level 4 of the Dungeon)
  1399 | D:5      | Killed Edmund
  1399 | D:5      | Reached skill level 5 in Ice Magic
  1524 | D:6      | Noticed a small abomination
  1604 | D:6      | Reached skill level 6 in Ice Magic
  1617 | D:6      | Reached skill level 1 in Summonings
  1620 | D:6      | Found a stormy altar of Qazlal.
  1630 | D:6      | Noticed an orc warrior
  1647 | D:6      | Reached XP level 7. HP: 42/50 MP: 6/10
  1707 | D:7      | Found a staircase to the Ecumenical Temple.
  1859 | D:7      | Reached * piety under Kikubaaqudgha
  1859 | D:7      | Identified Kikubaaqudgha's Almanac of Black Secrets (Kikubaaqudgha gifted it to you on level 7 of the Dungeon)
  1859 | D:7      | Received a gift from Kikubaaqudgha
  1867 | D:7      | Learned a level 1 spell: Animate Skeleton
  1881 | D:7      | Reached skill level 1 in Necromancy
  2018 | D:7      | Identified a scroll of acquirement
  2020 | D:7      | Got a scorched scarf
  2026 | D:7      | Identified the scarf of the Lute {rPois} (You acquired it on level 7 of the Dungeon)
  2026 | D:7      | >:(
  2080 | D:7      | Noticed a hippogriff
  2103 | D:7      | Killed a hippogriff
  2137 | D:7      | Reached XP level 8. HP: 35/57 MP: 1/11
  2198 | D:7      | HP: 2/57 [hound (3)]
  2206 | D:8      | Slain by a hound

Vault maps used:
D:1:      mrwooster_arrival_statue_2, grunt_decor_fettered, minmay_hexomino_u4
D:2:      cheibrodos_old_hovel, uniq_crazy_yiuf_cottage, uniq_jessica
D:3:      kennysheep_vampire_church
D:4:      first_bread, minmay_surrounded
D:5:      serial_shops, nicolae_shop_waterfront, minivault_23, uniq_menkaure,
          uniq_edmund
D:6:      serial_shops, shop, grunt_qazlal_sundering, uniq_grinder
D:7:      minmay_temple_entry_crystal_x
D:8:      basic_altar

Skill      XL: |  1  2  3  4  5  6  7 |
---------------+----------------------+-----
Spellcasting   | 2 3 |  3.2
Ice Magic      | 4 6 |  6.1
Unarmed Combat | 2 |  2.4
Charms         | 2 |  2.1
Summonings     | 1 4 |  4.0
Necromancy     | 2 |  2.0
Fighting       | |  0.2
Dodging        | |  1.8
Stealth        | |  2.1
Conjurations   | |  0.7

Action                   |  1- 3 |  4- 6 |  7- 9 || total
-------------------------+-------+-------+-------++-------
Melee: Unarmed           |    34 |    78 |    51 ||   163
       Punch             |       |     1 |     1 ||     2
       Falchion          |       |     9 |       ||     9
 Cast: Freeze            |    38 |    35 |    27 ||   100
       Ozocubu's Armour  |       |     2 |     4 ||     6
       Summon Ice Beast  |       |     2 |     3 ||     5
       Throw Frost       |       |     1 |       ||     1
  Use: Scroll            |       |     6 |     6 ||    12
       Potion            |       |     2 |     4 ||     6
 Stab: Sleeping          |     2 |     1 |       ||     3
  Eat: Chunk             |     5 |     4 |     9 ||    18
Armor: Robe              |    11 |    20 |    13 ||    44
Dodge: Dodged            |    71 |    87 |    91 ||   249
       Rpst.: Falchion   |       |     4 |     2 ||     6
